 Dungeon Sprint DCSS version 0.26.0-15-gc6cd9f7 (webtiles) character file.

Game seed: 7489104634141293074

11 Kalegnar the Twirler (level 2, -6/24 HPs)
             Began as a Formicid Fighter on Jan 17, 2021.
             Was a Follower of Qazlal.
             Killed from afar by a deep elf mage (28 damage)
             ... with a bolt of cold
             ... in the Dungeon (Sprint VII: "The Pits").
             The game lasted 00:01:26 (113 turns).

Kalegnar the Twirler (Formicid Fighter)              Turns: 113, Time: 00:01:27

Health: -6/24      AC:  6    Str: 20    XL:     2   Next: 35%
Magic:  4/4        EV:  7    Int:  7    God:    Qazlal [*.....]
Gold:   0          SH: 11    Dex: 10    Spells: 1/1 levels left

rFire    . . .     SeeInvis +   h - +2 quarterstaff
rCold    . . .     Faith    .   c - +0 kite shield
rNeg     . . .     Spirit   .   b - +0 scale mail
rPois    .         Reflect  .   (helmet unavailable)
rElec    .         Harm     .   (no cloak)
rCorr    .         Rampage  .   (no gloves)
Will     .....                  (no boots)
Stlth    ..........             (no amulet)
HPRegen  0.08/turn              (no ring)
MPRegen  0.09/turn              (no ring)

@: no status effects
A: permanent stasis, dig shafts and tunnels, four strong arms, antennae 3
a: Dig, Renounce Religion


You were in the Dungeon.
You worshipped Qazlal.
Qazlal was aware of your devotion.
You visited 1 branch

Inventory:

Hand Weapons
 h - a +2 quarterstaff (weapon)
Armour
 b - a +0 scale mail (worn)
 c - a +0 kite shield (worn)
Scrolls
 i - 3 scrolls of remove curse
 j - 5 scrolls of amnesia
 k - a scroll of summoning
 l - 2 scrolls of vulnerability
Potions
 a - 2 potions of invisibility
 d - a potion of might
 e - a potion of curing
 f - a potion of heal wounds
 g - 4 potions of magic


   Skills:
 - Level 3.2 Fighting
 + Level 4.0 Staves
 - Level 3.2 Armour
 - Level 3.6 Shields
 + Level 2.9 Invocations


You had one spell level left.
You didn't know any spells.
Your spell library was empty.

Dungeon Overview and Level Annotations

Branches:
Dungeon (1/1)

Altars:
Ashenzari
Cheibriados
Dithmenos
Elyvilon
Fedhas
Gozag
Hepliaklqana
Kikubaaqudgha
Makhleb
Nemelex Xobeh
Okawaru
Qazlal
Ru
Sif Muna
Trog
Uskayaw
Vehumet
Wu Jian
Xom
Yredelemnul
Zin
The Shining One
Beogh
Jiyva
Lugonu


Innate Abilities, Weirdness & Mutations

You cannot be hasted, slowed, berserked, paralysed or teleported.
You can dig through walls and to a lower floor.
Your four strong arms can wield two-handed weapons with a shield.
You have a pair of large antennae on your head. (SInv)


Message History

The deep elf mage is lightly wounded.
The deep elf mage hits you but does no damage.
You hit the deep elf mage.
The deep elf mage is lightly wounded.
The river rat twitches its whiskers.
The deep elf mage points at you and mumbles some strange words.
The shard of ice misses you. The floating eye's view fixates on you.
You closely miss the deep elf mage.
The deep elf mage is lightly wounded.
The deep elf mage hits you but does no damage.
You hit the deep elf mage but do no damage.
The deep elf mage is lightly wounded.
You block the deep elf mage's attack.
You hit the deep elf mage.
The deep elf mage is moderately wounded.
The deep elf mage gestures at you while chanting.
The bolt of cold hits you!!
Ouch! That really hurt!
You die...

#..(!')))'.##......#..#
##########.##..........
#..........†'..........
#+#####'#####......#..#
#..†.†# #..........
#.....# ####'#####+
###'### #.......#
#...§.# #.......#
#...@.# #.......#
####e## #...<...#
#..GrY...##.......#
#........##.......#
###########.......# {
{{ ######### { { {


You could see a deep elf mage, an ice beast (summoned), a floating eye (charged)
and a river rat.

Vanquished Creatures
  An ufetubus (D)
  2 bats (D)
  A giant cockroach (D)
  A goblin (D)
  A ball python skeleton (D)
6 creatures vanquished.

Notes
Turn   | Place    | Note
-------+----------+-------------------------------------------
     0 | D        | Kalegnar the Formicid Fighter began the quest for the Orb.
     0 | D        | Reached XP level 1. HP: 18/18 MP: 1/1
    38 | D        | Found a bloodstained altar of Trog.
    38 | D        | Found a shimmering blue altar of Sif Muna.
    38 | D        | Found a viscous altar of Jiyva.
    38 | D        | Found a hazy altar of Hepliaklqana.
    38 | D        | Found an opulent altar of Gozag.
    39 | D        | Found a glowing golden altar of the Shining One.
    39 | D        | Found a glowing silver altar of Zin.
    39 | D        | Found a basalt altar of Yredelemnul.
    39 | D        | Found a shimmering altar of Xom.
    39 | D        | Found an ornate altar of the Wu Jian Council.
    39 | D        | Found a sacrificial altar of Ru.
    39 | D        | Found a stormy altar of Qazlal.
    39 | D        | Found an iron altar of Okawaru.
    39 | D        | Found a sparkling altar of Nemelex Xobeh.
    39 | D        | Found a burning altar of Makhleb.
    39 | D        | Found a blossoming altar of Fedhas.
    39 | D        | Found a white marble altar of Elyvilon.
    39 | D        | Found a shadowy altar of Dithmenos.
    39 | D        | Found a snail-covered altar of Cheibriados.
    42 | D        | Found a corrupted altar of Lugonu.
    42 | D        | Found a radiant altar of Vehumet.
    42 | D        | Found a roughly hewn altar of Beogh.
    43 | D        | Found an ancient bone altar of Kikubaaqudgha.
    43 | D        | Found a hide-covered altar of Uskayaw.
    43 | D        | Found a broken altar of Ashenzari.
    46 | D        | Became a worshipper of Qazlal Stormbringer
    59 | D        | Reached skill level 3 in Staves
    59 | D        | Reached skill level 1 in Invocations
    80 | D        | Reached * piety under Qazlal
    99 | D        | Noticed a deep elf mage
    99 | D        | Noticed a floating eye
   102 | D        | Reached skill level 4 in Staves
   102 | D        | Reached XP level 2. HP: 24/24 MP: 4/4
   107 | D        | Noticed an ice beast
   113 | D        | Killed from afar by a deep elf mage

Illustrated notes

Levels and vault maps discovered:
D:        pitsprint [storerooms_1, entrance_room_1, metal_vault_1, armoury_2,
          mini_pit_1, grid_room_1, main_hall_1, silver_pit, the_coven_1,
          the_vestibule_1, steel_vault_3, golden_pit, hallway_of_sentries,
          crystal_vault_3, iron_vault_5, final_vault]

Skill      XL: |  1 |
---------------+----+-----
Staves         | 4 |  4.0
Invocations    | 2 |  2.9
Fighting       | |  3.2
Armour         | |  3.2
Shields        | |  3.6

Action                   || total
-------------------------++-------
Melee: Quarterstaff      ||    25
Armor: Scale mail        ||     8
Dodge: Dodged            ||     2
Block: Kite shield       ||     9
